| TOP OF THE 1ST |
|
San Diego (APP) Padres batting - Pitching for Danville Braves : RHP Jose Rivero
|
|
Pitching: RHP Jose Rivero
|
|
|
Batting: RHB Alex Collazo
|
0-0: Called Strike 0-1: Ball 1-1: Swinging Strike 1-2: Strikes out swinging
|
|
Batting: RHB Phil McFadden
|
0-0: Ball 1-0: Ball 2-0: Ball 3-0: Hit by Pitch
|
|
Batting: LHB Justin Daley
|
0-0: Called Strike 0-1: Swinging Strike 0-2: Ball 1-2: SINGLE (Groundball, 34, EV 101.9 MPH) Phil McFadden to second Runner from 2nd tries for 3rd, OUT! 9-5 Justin Daley to second
|
|
Batting: RHB Eric McMillian
|
0-0: Ball 1-0: Called Strike 1-1: Foul Ball, location: 2F 1-2: Foul Ball, location: 2F 1-2: Fly out, F9 (Line Drive, 9, EV 90.6 MPH)
|
| Top of the 1st over - 0 runs, 1 hit, 0 errors, 1 left on base; San Diego (APP) 0 - Danville 0 |
| BOTTOM OF THE 1ST |
|
Danville Braves batting - Pitching for San Diego (APP) Padres : RHP Tim Devine
|
|
Pitching: RHP Tim Devine
|
|
|
Batting: RHB Mennad Maalik
|
0-0: Ball 1-0: Ball 2-0: Called Strike 2-1: Ground out 4-3 (Groundball, 4, EV 96.9 MPH)
|
|
Batting: RHB Paul Holland
|
0-0: Ball 1-0: Foul Ball, location: 2F 1-1: Swinging Strike 1-2: Hit by Pitch
|
|
Batting: RHB Richard Saquic
|
0-0: Called Strike 0-1: Called Strike 0-2: Foul Ball, location: 2F 0-2: Ball 1-2: Foul Ball, location: 2F 1-2: Ball 2-2: SINGLE (Groundball, 56S, EV 64.4 MPH) (infield hit) Paul Holland to second
|
|
Batting: RHB James Anderson
|
0-0: Ball 1-0: Foul Ball, location: 2F 1-1: Ball 2-1: Swinging Strike 2-2: Strikes out swinging
|
|
Batting: RHB Roman Lauder
|
0-0: Fly out, F8 (Line Drive, 8LD, EV 100.6 MPH)
|
| Bottom of the 1st over - 0 runs, 1 hit, 0 errors, 2 left on base; San Diego (APP) 0 - Danville 0 |
| TOP OF THE 2ND |
|
San Diego (APP) Padres batting - Pitching for Danville Braves : RHP Jose Rivero
|
|
Batting: RHB Ken Hahn
|
0-0: Ball 1-0: Called Strike 1-1: Ball 2-1: Foul Ball, location: 2F 2-2: Ball 3-2: Foul Ball, location: 2F 3-2: Base on Balls
|
|
Batting: RHB Norinaga Yamakawakamatsu
|
0-0: SINGLE (Line Drive, 3D, EV 108.8 MPH) Ken Hahn to second
|
|
Batting: RHB Ed Oake
|
0-0: Called Strike 0-1: Hit by Pitch Ken Hahn to third Norinaga Yamakawakamatsu to second
|
|
Batting: RHB Brian DeVoe
|
0-0: Ball 1-0: Ball 2-0: Ball 3-0: Base on Balls Ken Hahn scores Norinaga Yamakawakamatsu to third Ed Oake to second
|
|
Batting: LHB Gary Corrales
|
0-0: Called Strike 0-1: GRAND SLAM HOME RUN (Flyball, 7LD, EV 98.1 MPH), Distance : 368 ft
|
|
Batting: RHB Alex Collazo
|
0-0: Called Strike 0-1: Ground out 6-3 (Groundball, 6, EV 101.9 MPH)
|
|
Batting: RHB Phil McFadden
|
0-0: Ball 1-0: Ball 2-0: Ball 3-0: Called Strike 3-1: Foul Ball, location: 2F 3-2: SINGLE (Line Drive, 9S, EV 99.4 MPH)
|
|
Batting: LHB Justin Daley
|
0-0: Ball 1-0: Fielders Choice at 2nd, 4-6 (Groundball, 4M, EV 77.5 MPH)
|
|
Batting: RHB Eric McMillian
|
0-0: Ball 1-0: Foul Ball, location: 2F 1-1: Ball 2-1: Ball 3-1: SINGLE (Groundball, 5S, EV 69.4 MPH) (infield hit) Justin Daley to second
|
|
Pitching: RHP Aaron Frey
|
|
|
Batting: RHB Ken Hahn
|
0-0: Ball 1-0: Ball 2-0: Ball 3-0: Called Strike 3-1: Base on Balls Justin Daley to third Eric McMillian to second
|
|
Batting: RHB Norinaga Yamakawakamatsu
|
0-0: Called Strike 0-1: Foul Ball, location: 2F 0-2: Ball 1-2: Ball 2-2: Foul Ball, location: 2F 2-2: Foul Ball, location: 2F 2-2: Foul Ball, location: 2F 2-2: Foul Ball, location: 2F 2-2: Fielders Choice at 2nd, 5-4 (Groundball, 5L, EV 86.9 MPH)
|
| Top of the 2nd over - 5 runs, 4 hits, 0 errors, 3 left on base; San Diego (APP) 5 - Danville 0 |
| BOTTOM OF THE 2ND |
|
Danville Braves batting - Pitching for San Diego (APP) Padres : RHP Tim Devine
|
|
Batting: RHB Bart Stevensdick
|
0-0: Swinging Strike 0-1: SINGLE (Line Drive, 4MD, EV 98.8 MPH)
|
|
Batting: RHB Alex Guerra
|
0-0: Fly out, F7 (Flyball, 7, EV 90.6 MPH)
|
|
Batting: RHB Aaron Sartini
|
0-0: Reached on error, E1 (Groundball, 15S, EV 74.4 MPH) Bart Stevensdick to second
|
|
Batting: RHB Chad Starnes
|
0-0: Foul Ball, location: 2F 0-1: Called Strike 0-2: Ball 1-2: Ball 2-2: Foul Ball, location: 2F 2-2: Foul Ball, location: 2F 2-2: Strikes out swinging
|
|
Batting: RHB Mennad Maalik
|
0-0: Ball 1-0: Ball 2-0: Called Strike 2-1: Foul Ball, location: 2F 2-2: Foul Ball, location: 2F 2-2: Strikes out looking
|
| Bottom of the 2nd over - 0 runs, 1 hit, 1 error, 2 left on base; San Diego (APP) 5 - Danville 0 |
| TOP OF THE 3RD |
|
San Diego (APP) Padres batting - Pitching for Danville Braves : RHP Aaron Frey
|
|
Batting: RHB Ed Oake
|
0-0: Ball 1-0: Ball 2-0: Ball 3-0: Base on Balls
|
|
Batting: RHB Brian DeVoe
|
0-0: Ball 1-0: Swinging Strike 1-1: SINGLE (Line Drive, 56D, EV 96.2 MPH) Ed Oake to second
|
|
Batting: LHB Gary Corrales
|
0-0: Foul Ball, location: 2F 0-1: Ball 1-1: Foul Ball, location: 2F 1-2: 3-RUN HOME RUN (Flyball, 9D, EV 100.6 MPH), Distance : 387 ft
|
|
Batting: RHB Alex Collazo
|
0-0: Ground out 3-1 (Groundball, 34S, EV 83.1 MPH)
|
|
Batting: RHB Phil McFadden
|
0-0: Foul Ball, location: 2F 0-1: Ground out 6-3 (Groundball, 6, EV 81.2 MPH)
|
|
Batting: LHB Justin Daley
|
0-0: Ground out 6-3 (Groundball, 6, EV 102.5 MPH)
|
| Top of the 3rd over - 3 runs, 2 hits, 0 errors, 0 left on base; San Diego (APP) 8 - Danville 0 |
| BOTTOM OF THE 3RD |
|
Danville Braves batting - Pitching for San Diego (APP) Padres : RHP Tim Devine
|
|
Batting: RHB Paul Holland
|
0-0: Ball 1-0: Foul Ball, location: 2F 1-1: Ground out 6-3 (Groundball, 6, EV 88.1 MPH)
|
|
Batting: RHB Richard Saquic
|
0-0: Ball 1-0: Foul Ball, location: 2F 1-1: Called Strike 1-2: Ball 2-2: Ball 3-2: Ground out 6-3 (Groundball, 6, EV 98.8 MPH)
|
|
Batting: RHB James Anderson
|
0-0: Ground out 3-1 (Groundball, 34S, EV 85.0 MPH)
|
| Bottom of the 3rd over - 0 runs, 0 hits, 0 errors, 0 left on base; San Diego (APP) 8 - Danville 0 |
| TOP OF THE 4TH |
|
San Diego (APP) Padres batting - Pitching for Danville Braves : RHP Aaron Frey
|
|
Batting: RHB Eric McMillian
|
0-0: SINGLE (Groundball, 6D, EV 102.5 MPH)
|
|
Batting: RHB Ken Hahn
|
0-0: Ball 1-0: Ball 2-0: Ball 3-0: Swinging Strike 3-1: Foul Ball, location: 2F 3-2: Strikes out swinging
|
|
Batting: RHB Norinaga Yamakawakamatsu
|
0-0: Ball 1-0: Called Strike 1-1: Called Strike 1-2: Strikes out swinging
|
|
Batting: RHB Ed Oake
|
0-0: Called Strike 0-1: Called Strike 0-2: Ball 1-2: Ball 2-2: Ball 3-2: Ground out 4-3 (Groundball, 4, EV 85.6 MPH)
|
| Top of the 4th over - 0 runs, 1 hit, 0 errors, 1 left on base; San Diego (APP) 8 - Danville 0 |
| BOTTOM OF THE 4TH |
|
Danville Braves batting - Pitching for San Diego (APP) Padres : RHP Tim Devine
|
|
Batting: RHB Roman Lauder
|
0-0: Fly out, F8 (Flyball, 8LM, EV 93.8 MPH)
|
|
Batting: RHB Bart Stevensdick
|
0-0: SINGLE (Line Drive, 34, EV 101.9 MPH)
|
|
Batting: RHB Alex Guerra
|
0-0: Ball Bart Stevensdick steals 2nd base 1-0: Called Strike 1-1: Called Strike 1-2: Ball 2-2: Ball 3-2: Strikes out looking
|
|
Batting: RHB Aaron Sartini
|
0-0: Ball 1-0: Foul Ball, location: 2F 1-1: Called Strike 1-2: Ground out 6-3 (Groundball, 6, EV 86.9 MPH)
|
| Bottom of the 4th over - 0 runs, 1 hit, 0 errors, 1 left on base; San Diego (APP) 8 - Danville 0 |
| TOP OF THE 5TH |
|
San Diego (APP) Padres batting - Pitching for Danville Braves : RHP Aaron Frey
|
|
Batting: RHB Brian DeVoe
|
0-0: Called Strike 0-1: Ground out 6-3 (Groundball, 6, EV 90.6 MPH)
|
|
Batting: LHB Gary Corrales
|
0-0: Ball 1-0: Ball 2-0: Called Strike 2-1: Foul Ball, location: 2F 2-2: Foul Ball, location: 2F 2-2: Ball 3-2: Foul Ball, location: 2F 3-2: Base on Balls
|
|
Batting: RHB Alex Collazo
|
0-0: Ball 1-0: Foul Ball, location: 2F 1-1: Swinging Strike 1-2: Ball 2-2: DOUBLE (Groundball, 5L, EV 107.5 MPH) Gary Corrales to third Runner from 3rd tries for Home, throw by LF and OUT! 7-6-2
|
|
Batting: RHB Phil McFadden
|
0-0: Ground out 6-3 (Groundball, 6, EV 91.9 MPH)
|
| Top of the 5th over - 0 runs, 1 hit, 0 errors, 1 left on base; San Diego (APP) 8 - Danville 0 |
| BOTTOM OF THE 5TH |
|
Danville Braves batting - Pitching for San Diego (APP) Padres : RHP Tim Devine
|
|
Batting: RHB Chad Starnes
|
0-0: Ball 1-0: Foul Ball, location: 2F 1-1: Ball 2-1: Ball 3-1: Foul Ball, location: 2F 3-2: Foul Ball, location: 2F 3-2: Foul Ball, location: 2F 3-2: Base on Balls
|
|
Batting: RHB Mennad Maalik
|
0-0: Called Strike 0-1: Ball 1-1: SINGLE (Groundball, 6MD, EV 101.9 MPH) Chad Starnes to second
|
|
Batting: RHB Paul Holland
|
0-0: Swinging Strike 0-1: Swinging Strike 0-2: Ball 1-2: Ball 2-2: Strikes out swinging
|
|
Batting: RHB Richard Saquic
|
0-0: Ball 1-0: Called Strike 1-1: Swinging Strike 1-2: Foul Ball, location: 2F 1-2: Ball 2-2: Ball 3-2: Base on Balls Chad Starnes to third Mennad Maalik to second
|
|
Batting: RHB James Anderson
|
0-0: Ball Wild Pitch! Chad Starnes scores Mennad Maalik to third Richard Saquic to second 1-0: Ball Wild Pitch! Mennad Maalik scores Richard Saquic to third 2-0: Ground out 6-3 (Groundball, 6, EV 88.1 MPH) Richard Saquic scores
|
|
Batting: RHB Roman Lauder
|
0-0: Called Strike 0-1: Ball 1-1: Ground out 5-3 (Groundball, 56, EV 105.6 MPH)
|
| Bottom of the 5th over - 3 runs, 1 hit, 0 errors, 0 left on base; San Diego (APP) 8 - Danville 3 |
| TOP OF THE 6TH |
|
San Diego (APP) Padres batting - Pitching for Danville Braves : RHP Aaron Frey
|
|
Batting: LHB Justin Daley
|
0-0: Called Strike 0-1: SOLO HOME RUN (Flyball, 9D, EV 101.9 MPH), Distance : 375 ft
|
|
Pitching: LHP Jimmy Bolton
|
|
|
Batting: RHB Eric McMillian
|
0-0: Ball 1-0: Ground out 5-3 (Groundball, 56, EV 98.1 MPH)
|
|
Batting: RHB Ken Hahn
|
0-0: Ball 1-0: Ball 2-0: Foul Ball, location: 2F 2-1: Called Strike 2-2: Strikes out looking
|
|
Batting: RHB Norinaga Yamakawakamatsu
|
0-0: SINGLE (Flyball, 3D, EV 100.0 MPH)
|
|
Batting: RHB Ed Oake
|
0-0: Called Strike 0-1: Ball 1-1: Called Strike 1-2: Foul Ball, location: 2F 1-2: Ball 2-2: Strikes out swinging
|
| Top of the 6th over - 1 run, 2 hits, 0 errors, 1 left on base; San Diego (APP) 9 - Danville 3 |
| BOTTOM OF THE 6TH |
|
Danville Braves batting - Pitching for San Diego (APP) Padres : RHP Tim Devine
|
|
Batting: RHB Bart Stevensdick
|
0-0: Swinging Strike 0-1: Called Strike 0-2: Ball 1-2: Ground out 4-3 (Groundball, 34, EV 77.5 MPH)
|
|
Batting: RHB Alex Guerra
|
0-0: Ball 1-0: Ball 2-0: Foul Ball, location: 2F 2-1: Foul Ball, location: 2F 2-2: Ball 3-2: Fly out, F5 (Line Drive, 56, EV 85.0 MPH)
|
|
Batting: RHB Aaron Sartini
|
0-0: Ball 1-0: Ball 2-0: Ball 3-0: Ground out 6-3 (Groundball, 6, EV 76.2 MPH)
|
| Bottom of the 6th over - 0 runs, 0 hits, 0 errors, 0 left on base; San Diego (APP) 9 - Danville 3 |
| TOP OF THE 7TH |
|
San Diego (APP) Padres batting - Pitching for Danville Braves : LHP Jimmy Bolton
|
|
Batting: RHB Brian DeVoe
|
0-0: Ground out 5-3 (Groundball, 56S, EV 76.2 MPH)
|
|
Batting: LHB Gary Corrales
|
0-0: Ball 1-0: Ball 2-0: Called Strike 2-1: Ball 3-1: Called Strike 3-2: Foul Ball, location: 2F 3-2: Base on Balls
|
|
Batting: RHB Alex Collazo
|
0-0: Ball 1-0: Called Strike 1-1: Foul Ball, location: 2F 1-2: Foul Ball, location: 2F 1-2: Foul Ball, location: 2F 1-2: Ball 2-2: Ball 3-2: Fly out, F8 (Flyball, 8RS, EV 91.2 MPH)
|
|
Pitching: RHP Alex Rosales
|
|
|
Batting: RHB Phil McFadden
|
0-0: Ball 1-0: Foul Ball, location: 2F 1-1: Ball 2-1: Ball 3-1: Foul Ball, location: 2F 3-2: Base on Balls Gary Corrales to second
|
|
Batting: LHB Justin Daley
|
0-0: Ground out 6-3 (Groundball, P, EV 84.4 MPH)
|
| Top of the 7th over - 0 runs, 0 hits, 0 errors, 2 left on base; San Diego (APP) 9 - Danville 3 |
| BOTTOM OF THE 7TH |
|
Danville Braves batting - Pitching for San Diego (APP) Padres : RHP Tim Devine
|
|
Pitching: LHP Adelino Burns
|
|
|
Batting: RHB Chad Starnes
|
0-0: Ball 1-0: Foul Ball, location: 2F 1-1: Swinging Strike 1-2: Ball 2-2: Foul Ball, location: 2F 2-2: Strikes out swinging
|
|
Batting: RHB Mennad Maalik
|
0-0: Ball 1-0: Foul Ball, location: 2F 1-1: Swinging Strike 1-2: Foul Ball, location: 2F 1-2: Ball 2-2: Foul Ball, location: 2F 2-2: Strikes out swinging
|
|
Batting: RHB Paul Holland
|
0-0: Ball 1-0: Foul Ball, location: 2F 1-1: Ball 2-1: Foul Ball, location: 2F 2-2: Ground out 1-3 (Groundball, P, EV 66.9 MPH)
|
| Bottom of the 7th over - 0 runs, 0 hits, 0 errors, 0 left on base; San Diego (APP) 9 - Danville 3 |
| TOP OF THE 8TH |
|
San Diego (APP) Padres batting - Pitching for Danville Braves : RHP Alex Rosales
|
|
Batting: RHB Eric McMillian
|
0-0: Ball 1-0: Called Strike 1-1: Swinging Strike 1-2: Ground out 4-3 (Groundball, 4S, EV 68.8 MPH)
|
|
Batting: RHB Ken Hahn
|
0-0: Called Strike 0-1: Foul Ball, location: 2F 0-2: Strikes out swinging
|
|
Batting: RHB Norinaga Yamakawakamatsu
|
0-0: Ball 1-0: Called Strike 1-1: Ball 2-1: Ball 3-1: Called Strike 3-2: Foul Ball, location: 2F 3-2: Base on Balls
|
|
Batting: RHB Ed Oake
|
0-0: Ball 1-0: Ball 2-0: Ball 3-0: Base on Balls Norinaga Yamakawakamatsu to second
|
|
Batting: RHB Brian DeVoe
|
0-0: Called Strike 0-1: Ball Wild Pitch! Norinaga Yamakawakamatsu to third Ed Oake to second 1-1: Foul Ball, location: 2F 1-2: Ball 2-2: Fly out, F7 (Flyball, 7D, EV 109.4 MPH)
|
| Top of the 8th over - 0 runs, 0 hits, 0 errors, 2 left on base; San Diego (APP) 9 - Danville 3 |
| BOTTOM OF THE 8TH |
|
Danville Braves batting - Pitching for San Diego (APP) Padres : LHP Adelino Burns
|
|
Batting: RHB Richard Saquic
|
0-0: Called Strike 0-1: Foul Ball, location: 2F 0-2: Ball 1-2: Ball 2-2: Ball 3-2: Fly out, F8 (Flyball, 89M, EV 89.4 MPH)
|
|
Batting: RHB James Anderson
|
0-0: Ball 1-0: Ground out 6-3 (Groundball, 6, EV 109.4 MPH)
|
|
Batting: RHB Roman Lauder
|
0-0: Foul Ball, location: 2F 0-1: Ball 1-1: Ball 2-1: Foul Ball, location: 2F 2-2: Fly out, F7 (Flyball, 7LS, EV 95.6 MPH)
|
| Bottom of the 8th over - 0 runs, 0 hits, 0 errors, 0 left on base; San Diego (APP) 9 - Danville 3 |
| TOP OF THE 9TH |
|
San Diego (APP) Padres batting - Pitching for Danville Braves : RHP Alex Rosales
|
|
Batting: LHB Gary Corrales
|
0-0: Ball 1-0: Ball 2-0: Called Strike 2-1: Fly out, F7 (Flyball, 7LM, EV 86.9 MPH)
|
|
Batting: RHB Alex Collazo
|
0-0: Swinging Strike 0-1: Foul Ball, location: 2F 0-2: Foul Ball, location: 2F 0-2: Fly out, F9 (Line Drive, 9, EV 91.2 MPH)
|
|
Batting: RHB Phil McFadden
|
0-0: Ball 1-0: Ball 2-0: Called Strike 2-1: Foul Ball, location: 2F 2-2: Foul Ball, location: 2F 2-2: Ball 3-2: Strikes out swinging
|
| Top of the 9th over - 0 runs, 0 hits, 0 errors, 0 left on base; San Diego (APP) 9 - Danville 3 |
| BOTTOM OF THE 9TH |
|
Danville Braves batting - Pitching for San Diego (APP) Padres : LHP Adelino Burns
|
|
Batting: RHB Bart Stevensdick
|
0-0: Ball 1-0: Ground out 5-3 (Groundball, 56, EV 84.4 MPH)
|
|
Batting: RHB Alex Guerra
|
0-0: Ball 1-0: Foul Ball, location: 2F 1-1: Swinging Strike 1-2: Strikes out swinging
|
|
Pinch Hitting: RHB Rodolfo Cosme
|
0-0: Swinging Strike 0-1: Ball 1-1: Ball 2-1: Foul Ball, location: 2F 2-2: Foul Ball, location: 2F 2-2: Fly out, F8 (Flyball, 8RD, EV 88.1 MPH)
|
| Bottom of the 9th over - 0 runs, 0 hits, 0 errors, 0 left on base; San Diego (APP) 9 - Danville 3 |
|